 Dungeon Crawl Stone Soup version 0.23-a0-175-g97aacdb (webtiles) character file.

534 Amnesiac the Chiller (level 7, 0/46 HPs)
             Began as a Mummy Ice Elementalist on Sept 17, 2018.
             Was a Follower of Vehumet.
             Slain by Grinder (8 damage)
             ... while paralysed by Grinder
             ... on level 4 of the Dungeon.
             The game lasted 00:07:09 (3822 turns).

Amnesiac the Chiller (Mummy Ice Elementalist)       Turns: 3822, Time: 00:07:10

Health: 0/46       AC:  8    Str: 11    XL:     7   Next: 4%
Magic:  12/15      EV:  2    Int: 19    God:    Vehumet [*.....]
Gold:   250        SH:  0    Dex: 12    Spells: 3/17 levels left

rFire    x . .     SeeInvis .   a - +0 hunting sling
rCold    + . .     Gourm    .   (no shield)
rNeg     + + +     Faith    .   e - +0 robe
rPois    ∞         Spirit   .   (no helmet)
rElec    .         Reflect  +   (no cloak)
rCorr    .         Harm     .   (no gloves)
MR       .....                  (no boots)
Stlth    +.........             g - +2 amulet of reflection
HPRegen  0.15/turn              h - +2 ring of intelligence
MPRegen  0.14/turn              l - ring of attention (curse)

@: paralysed, icy armour
A: no food or potions, fire vulnerability, cold resistance 1, negative energy
resistance 3, torment resistance, unbreathing
a: Renounce Religion


You were on level 4 of the Dungeon.
You worshipped Vehumet.
Vehumet was aware of your devotion.
You were not hungry.

You visited 1 branch of the dungeon, and saw 5 of its levels.

You collected 250 gold pieces.

Inventory:

Hand Weapons
 a - a +0 hunting sling (weapon)
 b - a +1 mace
 i - a +0 dagger of protection
Missiles
 f - 62 stones (quivered)
Armour
 e - a +0 robe (worn)
Jewellery
 g - a +2 amulet of reflection (around neck)
 h - a +2 ring of intelligence (left hand)
 l - a cursed ring of attention (right hand)
Wands
 m - a wand of polymorph (9)
Scrolls
 d - a scroll of magic mapping {!r}
 k - a scroll of enchant armour {!r, unknown}


   Skills:
 - Level 1.5 Dodging
 - Level 1.5 Stealth
 + Level 5.6 Spellcasting
 - Level 0.7 Conjurations
 * Level 5.7 Ice Magic


You had 3 spell levels left.
You knew the following spells:

 Your Spells              Type           Power        Failure   Level  Hunger
a - Freeze                Ice            ####         1%          1    N/A
b - Summon Ice Beast      Ice/Summ       ###.....     34%         4    N/A
d - Throw Icicle          Conj/Ice       ###.....     30%         4    N/A
e - Throw Frost           Conj/Ice       ###...       4%          2    N/A
z - Ozocubu's Armour      Chrm/Ice       ###.....     11%         3    N/A

Your spell library contained the following spells:

 Spells                   Type           Power        Failure   Level  Hunger
 Sting                    Conj/Pois      #...         10%         1    N/A

Dungeon Overview and Level Annotations

Branches:
Dungeon (5/15)
 Temple: D:4-7

Altars:
Vehumet
The Shining One

Annotations:
D:4 Grinder


Innate Abilities, Weirdness & Mutations

You do not eat or drink.
Your flesh is vulnerable to fire.
You are immune to poison.
Your flesh is cold resistant. (rC+)
You are immune to negative energy. (rN+++)
You are immune to unholy pain and torment.
You can survive without breathing.


Message History

Firing (i - inventory)
f - 69 stones (quivered)
Press: ? - help, Shift-Dir - straight line, f/p - Grinder
Aim: Grinder (heavily wounded)
You shoot a stone. The stone completely misses Grinder.
Quiver which item? (- for none, * to show all) (? for menu, Esc to quit)
Okay, then.
Firing (i - inventory)
f - 68 stones (quivered)
Press: ? - help, Shift-Dir - straight line, f/p - Grinder
Aim: Grinder (heavily wounded)
You shoot a stone.
The stone hits Grinder but does no damage.
Grinder is heavily wounded.
Firing (i - inventory)
f - 67 stones (quivered)
Press: ? - help, Shift-Dir - straight line, f/p - Grinder
Aim: Grinder (heavily wounded)
You shoot a stone.
The stone hits Grinder but does no damage.
Grinder is heavily wounded.
Grinder blinks!
Firing (i - inventory)
f - 66 stones (quivered)
Press: ? - help, Shift-Dir - straight line, f/p - Grinder
Aim: Grinder (heavily wounded)
You shoot a stone. The stone hits Grinder!
Grinder is severely wounded.
Grinder hits you.
* * * LOW HITPOINT WARNING * * *
Grinder hits you.
* * * LOW HITPOINT WARNING * * *
You see here 6 stones.
Grinder says, "Wait up."
You see here a stone.
Grinder gestures at you. You resist with some effort.
You see here a stone.
Firing (i - inventory)
f - 65 stones (quivered)
Press: ? - help, Shift-Dir - straight line, f/p - Grinder
Aim: Grinder (severely wounded)
You shoot a stone.
The stone hits Grinder but does no damage.
Grinder is severely wounded.
Unknown command.
Firing (i - inventory)
f - 64 stones (quivered)
Press: ? - help, Shift-Dir - straight line, f/p - Grinder
Aim: Grinder (severely wounded)
You shoot a stone.
The stone hits Grinder but does no damage.
Grinder is severely wounded.
Unknown command.
Casting: Freeze (safe; 1% risk of failure)
Confirm with . or Enter, or press ? or * to list all spells.
A film of ice covers your body! Grinder misses you.
Firing (i - inventory)
f - 63 stones (quivered)
Press: ? - help, Shift-Dir - straight line, f/p - Grinder
Aim: Grinder (severely wounded)
You shoot a stone. The stone hits Grinder.
Grinder is severely wounded.
Grinder gestures at you.
You suddenly lose the ability to move!
Grinder hits you.
* * * LOW HITPOINT WARNING * * *
Grinder hits you!
* * * LOW HITPOINT WARNING * * *
Grinder hits you!
You die...

****** ########
*,,,,######......#
*,,,,#....#......#
*,,,,#....#......#
*,,,,#....#......# #########
*,,,,#5...#......# #........
*,,,,#....#......# #........
*,,,,#...##......# #........
#....#...#....@..######........
#....#...#...<5........########
#....#...#...........#.........
#....#...#...........#.........
#....#...#.....(.....#####+####
#....##'##......(#########.#...
###............((..(((.......#...
..#...........#...#..........#...
..#..........###.###.#########...


You could see Grinder.

Vanquished Creatures
  A centaur (D:4)
  The ghost of Gildeon the Sneak, an amateur SpEn (D:3)
  2 scorpions
  A bullfrog zombie (D:3)
  A gnoll shaman (D:4)
  A hound (D:4)
  An orc wizard (D:4)
  A worker ant zombie (D:3)
  A howler monkey skeleton (D:4)
  2 adders
  4 gnolls (D:4)
  An ooze (D:2)
  An adder zombie (D:3)
  An adder skeleton (D:3)
  3 worms
  5 dart slugs
  4 leopard geckos
  3 orcs
  2 ball pythons
  4 bats
  6 goblins
  9 hobgoblins
  5 kobolds
  A quokka (D:2)
  4 frilled lizards
  A leopard gecko skeleton (D:3)
  9 rats
75 creatures vanquished.

Vanquished Creatures (others)
  4 toadstools (D:1)
4 creatures vanquished.

Grand Total: 79 creatures vanquished

Notes
Turn   | Place    | Note
-------+----------+-------------------------------------------
     0 | D:1      | Amnesiac the Mummy Ice Elementalist began the quest for the
                  | Orb.
     0 | D:1      | Reached XP level 1. HP: 13/13 MP: 4/4
   277 | D:4      | Found a glowing golden altar of the Shining One.
   387 | D:3      | Reached XP level 2. HP: 19/19 MP: 3/5
   393 | D:3      | Learned a level 2 spell: Throw Frost
   587 | D:4      | Reached XP level 3. HP: 17/24 MP: 0/7
   594 | D:4      | Learned a level 3 spell: Ozocubu's Armour
   832 | D:5      | Entered Level 5 of the Dungeon
   874 | D:4      | Noticed a scorpion
  1001 | D:5      | Noticed a scorpion
  1005 | D:5      | Killed a scorpion
  1005 | D:5      | Reached XP level 4. HP: 28/30 MP: 4/9
  1043 | D:4      | Reached XP level 5. HP: 25/35 MP: 4/11
  1046 | D:4      | Found a radiant altar of Vehumet.
  1051 | D:4      | Noticed a centaur
  1054 | D:4      | Became a worshipper of Vehumet
  1065 | D:4      | Killed a centaur
  1128 | D:4      | HP: 1/35 [gnoll/halberd (13)]
  1631 | D:2      | Reached XP level 6. HP: 40/41 MP: 9/13
  1640 | D:2      | Learned a level 4 spell: Throw Icicle
  1645 | D:2      | Learned a level 4 spell: Summon Ice Beast
  1748 | D:2      | Reached * piety under Vehumet
  1748 | D:2      | Offered knowledge of Sting by Vehumet.
  2067 | D:3      | Reached skill level 5 in Ice Magic
  2172 | D:3      | Found a runed gate.
  2172 | D:3      | Found a runed gate.
  2174 | D:3      | Found a runed gate.
  2196 | D:3      | Noticed Gildeon's ghost (amateur SpEn)
  2560 | D:3      | Killed Gildeon's ghost
  2560 | D:3      | Reached skill level 5 in Spellcasting
  2995 | D:3      | Noticed Grinder
  2999 | D:3      | Paralysed by Grinder for 2 turns
  3436 | D:4      | Reached XP level 7. HP: 23/46 MP: 11/15
  3819 | D:4      | Paralysed by Grinder for 7 turns
  3822 | D:4      | Slain by Grinder

Vault maps used:
D:1:      ldierk_walled_garden_2
D:3:      lemuel_upstairs_altar, gammafunk_ghost_necromancy, uniq_grinder
D:4:      vehumet_crystals, first_ration, lemuel_tele_altar
D:5:      minmay_temple_entry_mist

Skill      XL: |  1  2  3  4  5  6 |
---------------+-------------------+-----
Spellcasting   | 3 4 5 |  5.6
Ice Magic      | 3 4 5 |  5.7
Dodging        | |  1.5
Stealth        | |  1.5
Conjurations   | |  0.7

Action                   |  1- 3 |  4- 6 |  7- 9 || total
-------------------------+-------+-------+-------++-------
Melee: Unarmed           |     4 |       |       ||     4
       Mace              |     2 |     1 |       ||     3
 Fire: Hunting sling     |       |   147 |    21 ||   168
 Cast: Freeze            |    33 |    64 |     6 ||   103
       Ozocubu's Armour  |       |     3 |     1 ||     4
  Use: Scroll            |     2 |     7 |       ||     9
Armor: Robe              |     7 |    20 |       ||    27
Dodge: Dodged            |    13 |    80 |     9 ||   102
Block: Other             |       |     3 |       ||     3

Table legend:
 A = Non-vault XP
 B = Vault XP
 C = Vault XP percentage of total XP
 D = Non-vault monster count
 E = Vault monster count
 F = Vault count percentage of total count
                 A         B        C        D         E       F
            +---------+---------+-------+---------+---------+-------
      Total |     602 |     162 |  21.2 |      69 |       6 |   8.0
            +---------+---------+-------+---------+---------+-------
        D:1 |      30 |       0 |   0.0 |      13 |       0 |   0.0
        D:2 |      69 |       0 |   0.0 |      25 |       0 |   0.0
        D:3 |      30 |     162 |  84.4 |      15 |       6 |  28.6
        D:4 |     403 |       0 |   0.0 |      15 |       0 |   0.0
        D:5 |      70 |       0 |   0.0 |       1 |       0 |   0.0
            +---------+---------+-------+---------+---------+-------
